 Dungeon Crawl Stone Soup version 0.29.1-2-gbd0b4ee654 (webtiles) character file.

Game seed: 10178788422276092220

2251 kingsuperguy the Cleaver (level 9, -4/118 HPs)
             Began as a Minotaur Berserker on Nov 28, 2022.
             Was a Priest of Trog.
             Slain by a swamp worm (8 damage)
             ... on level 7 of the Dungeon.
             The game lasted 00:07:36 (7144 turns).

kingsuperguy the Cleaver (Minotaur Berserker)       Turns: 7144, Time: 00:07:37

Health: -4/118     AC: 16    Str: 26    XL:     9   Next: 15%
Magic:  8/8        EV:  8    Int:  4    God:    Trog [***...]
Gold:   272        SH:  0    Dex: 10    Spells: 8/8 levels left

rFire   . . .      SeeInvis .   D - +0 broad axe
rCold   . . .      Faith    .   (no shield)
rNeg    + . .      Spirit   .   A - +0 plate armour
rPois   .          Reflect  .   (helmet restricted)
rElec   .          Harm     .   (no cloak)
rCorr   .          Rampage  .   r - +0 pair of gloves
Will    +++..                   w - +0 pair of boots
Stlth   ..........              (no amulet)
HPRegen 1.29/turn               o - ring of willpower
MPRegen 0.11/turn               q - ring of positive energy

@: berserking, strong-willed, regenerating, very quick
A: horns 2, retaliatory headbutt
a: Renounce Religion, Berserk, Trog's Hand


You were on level 7 of the Dungeon.
You worshipped Trog.
Trog was most pleased with you.
You visited 1 branch of the dungeon, and saw 7 of its levels.

You collected 272 gold pieces.

Inventory:

Hand Weapons
 a - a +0 hand axe
 C - a +2 mace of holy wrath
 D - a +0 broad axe (weapon)
 G - a +0 morningstar
 L - a +4 sling
 M - a +1 war axe of freezing
Missiles
 h - 17 poisoned darts (quivered)
Armour
 b - a +0 animal skin
 f - a +0 leather armour
 j - a +0 scale mail
 r - a +0 pair of gloves (worn)
 w - a +0 pair of boots (worn)
 A - a +0 plate armour (worn)
Jewellery
 o - a ring of willpower (left hand)
 q - a ring of positive energy (right hand)
 E - a +6 ring of strength
Wands
 x - a wand of iceblast (25)
 J - a wand of digging (6)
Scrolls
 c - a scroll of fog {unknown}
 d - 6 scrolls of identify {unknown}
 g - 5 scrolls of teleportation {unknown}
 i - 3 scrolls of poison {unknown}
 l - 3 scrolls of noise {unknown}
 m - 2 scrolls of amnesia {unknown}
 s - a scroll of torment {unknown}
 v - a scroll of magic mapping {unknown}
 y - a scroll of acquirement {unknown}
 B - a scroll of enchant weapon {unknown}
 H - a scroll of silence {unknown}
 I - a scroll of fear {unknown}
 K - a scroll of enchant armour {unknown}
Potions
 e - a potion of brilliance {unknown}
 k - a potion of lignification {unknown}
 n - 2 potions of curing {unknown}
 p - a potion of attraction {unknown}
 t - a potion of degeneration {unknown}
 u - 2 potions of might {unknown}
 z - 3 potions of haste {unknown}
 F - a potion of resistance {unknown}
 N - a potion of mutation {unknown}


   Skills:
 + Level 7.1 Fighting
 + Level 8.5(9.3) Axes
 + Level 5.9(8.1) Maces & Flails
 + Level 8.4 Armour
 + Level 4.1 Dodging
 + Level 0.1 Stealth


You had 8 spell levels left.
You didn't know any spells.
Your spell library was empty.

Dungeon Overview and Level Annotations

Branches:
Dungeon (7/15)
 Temple: D:4-7

Altars:
Dithmenos
Gozag
Trog
Wu Jian
Yredelemnul

Shops:
D:3 =   D:6 (


Innate Abilities, Weirdness & Mutations

You have a pair of horns on your head.
You reflexively headbutt those who attack you in melee.


Message History

You slash the swamp worm!
The swamp worm is heavily wounded.
The swamp worm bites you!
The swamp worm bites you but does no damage.
You closely miss the swamp worm. Your headbutt misses the swamp worm.
The swamp worm is heavily wounded.
The swamp worm bites you!
You are too injured to fight recklessly!
You are too injured to fight recklessly!
You are too injured to fight recklessly!
You are too injured to fight recklessly!
You are too injured to fight recklessly!
You completely miss the swamp worm.
The swamp worm is heavily wounded.
The swamp worm bites you but does no damage.
The swamp worm bites you!
You closely miss the swamp worm. Your headbutt misses the swamp worm.
The swamp worm is heavily wounded.
The swamp worm bites you!
* * * LOW HITPOINT WARNING * * *
You barely miss the swamp worm.
The swamp worm is heavily wounded.
The swamp worm bites you!
* * * LOW HITPOINT WARNING * * *
Okay, then.
Okay, then.
Okay, then.
Your skin crawls.
You feel strong-willed. The swamp worm bites you.
* * * LOW HITPOINT WARNING * * *
A red film seems to cover your vision as you go berserk!
You feel yourself moving faster!
You feel mighty!
The swamp worm bites you but does no damage. x2
You slash the swamp worm!
The swamp worm is severely wounded.
You closely miss the swamp worm.
The swamp worm is severely wounded.
The swamp worm bites you!
You die...

~~P ##≈~#...........
~~≈## ###≈~~...#<.....##
~~~~###~~~~###.#......#
#~~≈~≈~~.## #.#.###.##
#~~~~~..# #.#.# ..
#.#.##.## #.#.### ..
#...†..# #.#... # #.
#######†########.#.# ...
#.........w@.......#
#...##.##..............##
.....>.##.##..#.######.#
#...##.......###.# #.#
#.........#.## #.# #.#
#..>.......## #.# #.#
##..........## .## #.#
##.##.####..## .#####.# #
#.###....#..#.....#


You could see a swamp worm.

Vanquished Creatures
  Grinder (D:3)
  2 water moccasins (D:6)
  A sky beast (D:7)
  An ice beast (D:6)
  2 black bears
  3 phantoms
  A bullfrog (D:6)
  2 necrophages
  2 scorpions
  3 howler monkeys (D:7)
  6 hounds
  4 orc priests
  2 jellies
  4 orc wizards
  Terence (D:3)
  5 iguanas
  3 gnolls (D:2)
  11 adders
  An ufetubus (D:4)
  2 worms (D:3)
  2 dart slugs
  20 orcs
  4 endoplasms
  3 giant cockroaches
  3 goblins (D:4)
  7 hobgoblins
  6 jackals
  8 kobolds
  3 quokkas
  8 ball pythons
  5 bats
  2 frilled lizards
  2 rats (D:1)
130 creatures vanquished.

Vanquished Creatures (others)
  3 plants (D:7)
3 creatures vanquished.

Grand Total: 133 creatures vanquished

Notes
Turn   | Place    | Note
-------+----------+-------------------------------------------
     0 | D:1      | kingsuperguy the Minotaur Berserker began the quest for the
                  | Orb.
     0 | D:1      | Reached XP level 1. HP: 19/19 MP: 0/0
   247 | D:1      | Reached XP level 2. HP: 22/27 MP: 1/1
  1240 | D:2      | Reached XP level 3. HP: 21/33 MP: 2/2
  1704 | D:2      | Reached XP level 4. HP: 39/41 MP: 3/3
  1843 | D:2      | Reached ** piety under Trog
  2193 | D:3      | Found Biomeak's Jewellery Shoppe.
  2233 | D:3      | Reached skill level 5 in Axes
  2262 | D:3      | Noticed a black bear
  2475 | D:3      | Found a shadowy altar of Dithmenos.
  2475 | D:3      | Found an ornate altar of the Wu Jian Council.
  2497 | D:3      | Killed a black bear
  2498 | D:3      | Reached skill level 5 in Fighting
  2498 | D:3      | Reached XP level 5. HP: 31/48 MP: 4/4
  3127 | D:3      | Reached XP level 6. HP: 56/56 MP: 5/5
  3229 | D:3      | Noticed Grinder
  3242 | D:3      | Killed Grinder
  3243 | D:3      | Reached skill level 5 in Armour
  3349 | D:3      | Found an opulent altar of Gozag.
  3431 | D:3      | Noticed Terence
  3437 | D:3      | Killed Terence
  3498 | D:3      | Reached XP level 7. HP: 60/61 MP: 6/6
  5172 | D:5      | Entered Level 5 of the Dungeon
  5177 | D:5      | Reached *** piety under Trog
  5326 | D:5      | Found a bloodstained altar of Trog.
  5691 | D:5      | Reached XP level 8. HP: 68/70 MP: 7/7
  5694 | D:5      | Reached skill level 1 in Maces & Flails
  6551 | D:6      | Reached skill level 5 in Maces & Flails
  6585 | D:6      | Found Moplynuy's Weapon Shop.
  6673 | D:6      | Found a basalt altar of Yredelemnul.
  6680 | D:6      | Reached XP level 9. HP: 79/79 MP: 8/8
  7141 | D:7      | HP: 1/79 [swamp worm (6)]
  7144 | D:7      | Slain by a swamp worm

Illustrated notes

Levels and vault maps discovered:
D:1:      dpeg_arrival_ternary, layout_basic, minmay_misc_feat_hallway,
          hex_large
D:2:      layout_rooms, dreamdust_princess_bridge, minmay_misc_feat_rows
D:3:      layout_basic, grunt_gozag_breadcrumbs, nicolae_overflow_two_pavilions,
          serial_shops, shop, uniq_grinder, uniq_terence
D:4:      minmay_chambers_of_twos, layout_rooms, serial_rivers,
          chequers_serial_rivers_marsh, chequers_serial_rivers_small_b,
          chequers_serial_rivers_small_a, chequers_serial_rivers_small_b
D:5:      layout_cave_pods, mainiacjoe_overflow_boulevard,
          chequers_serial_rivers_micro_b
D:6:      layout_basic, kennysheep_little_box, nicolae_sextant,
          kennysheep_small_circle
D:7:      layout_loops_ring, regret_index_temple_of_mockery,
          general_overflow_altar, lemuel_temple_firewalk_b, worms_lemuel

Skill      XL: |  1  2  3  4  5  6  7  8  9 |
---------------+----------------------------+-----
Fighting       | 4 5 6 7 |  7.1
Axes           | 4 5 6 7 8 |  8.5
Armour         | 3 4 5 6 8 |  8.4
Dodging        | 3 4 |  4.1
Maces & Flails | 5 |  5.9
Stealth        | |  0.1

Action                   |  1- 3 |  4- 6 |  7- 9 || total
-------------------------+-------+-------+-------++-------
Melee: Hand axe          |    63 |    73 |    96 ||   232
       Headbutt          |    12 |    12 |    31 ||    55
       Morningstar       |       |       |    73 ||    73
       Punch             |       |       |     3 ||     3
       Broad axe         |       |       |    57 ||    57
Invok: Berserk           |     1 |     2 |     2 ||     5
       Trog's Hand       |       |       |     1 ||     1
Armor: Animal skin       |     2 |       |       ||     2
       Scale mail        |     8 |    34 |       ||    42
       Plate armour      |       |     7 |   156 ||   163
Dodge: Dodged            |    37 |    37 |    77 ||   151
